 Dungeon Crawl Stone Soup version 0.31-a0-232-gb1c03b2570 (webtiles) character file.

Game seed: 2353714698101356826

55 qw the Shooter (level 3, -1/21 HPs)
             Began as a Gargoyle Hexslinger on July 7, 2023.
             Slain by a goblin
             ... wielding a +0 club
             ... led by Robin
              (2 damage)
             ... on level 2 of the Dungeon.
             The game lasted 00:00:25 (1100 turns).

qw the Shooter (Gargoyle Hexslinger)                Turns: 1100, Time: 00:00:25

Health: -1/21      AC:  9    Str: 11    XL:     3   Next: 93%
Magic:  4/4        EV: 10    Int: 13    God:
Gold:   53         SH:  0    Dex: 14    Spells: 3/4 levels left

rFire   . . .        Y - +2 sling
rCold   . . .        (no shield)
rNeg    + . .        e - +0 ring mail
rPois   inf          (no helmet)
rElec   +            f - +0 cloak
rCorr   .            (no gloves)
SInv    +            (no boots)
Will    .....        (no amulet)
Stlth   +            g - ring of see invisible
HPRegen 0.23/turn    (no ring)
MPRegen 0.09/turn

%: no passive effects
@: no status effects
A: sickness immunity, AC +3, negative energy resistance 1, electricity
resistance, torment resistance 1, petrification resistance
a: no special abilities


You were on level 2 of the Dungeon.
You visited 1 branch of the dungeon, and saw 2 of its levels.

You collected 53 gold pieces.


Innate Abilities, Weirdness & Mutations

You are immune to sickness and miasma.
Your stone body is resilient. (AC +3)
You are immune to poison.
You resist negative energy. (rN+)
You are resistant to electric shocks. (rElec)
You are resistant to unholy torment.
You are immune to petrification.


   Skills:
 - Level 2.0 Fighting
 + Level 3.5 Ranged Weapons
 - Level 1.0 Armour
 - Level 1.5 Dodging
 - Level 1.0 Spellcasting
 - Level 2.6 Hexes


You had 3 spell levels left.
You knew the following spells:

 Your Spells              Type           Power      Damage    Failure   Level
a - Slow                  Hex            28%        N/A       22%         1

Your spell library contained the following spells:

 Spells                   Type           Power      Damage    Failure   Level
 Inner Flame              Hex/Fire       4%         N/A       75%         3
 Portal Projectile        Hex/Tloc       8%         N/A       75%         3
 Cause Fear               Hex            3%         N/A       91%         4

Inventory:

Hand Weapons
 Y - a +2 sling (weapon)
Armour
 e - a +0 ring mail (worn)
 f - a +0 cloak (worn)
Jewellery
 c - a +6 ring of dexterity
 g - a ring of see invisible (left hand)
Scrolls
 h - 3 scrolls of identify
Potions
 b - a potion of curing {unknown}
 d - a potion of berserk rage {unknown}

Dungeon Overview and Level Annotations

Branches:
Dungeon (2/15)

Altars:

Annotations:
D:2 Robin


Message History

The sling bullet closely misses the hobgoblin.
You shoot a sling bullet.
The sling bullet closely misses the goblin.
The goblin hits you but does no damage.
You shoot a sling bullet.
The sling bullet closely misses the hobgoblin.
The hobgoblin closely misses you. The goblin hits you with a +0 dagger.
You shoot a sling bullet. The sling bullet hits the hobgoblin.
The hobgoblin is heavily wounded.
Robin roars a battlecry!
The goblins go into a battle-frenzy!
The goblin hits you but does no damage.
You shoot a sling bullet. The hobgoblin shouts!
The sling bullet hits the hobgoblin.
You kill the hobgoblin!
The goblin barely misses you. x2; Robin hits you but does no damage.
You shoot a sling bullet. The sling bullet closely misses Robin.
Robin throws the goblin at you! The goblin hits you but does no damage.
You shoot a sling bullet.
The sling bullet hits Robin but does no damage.
The goblin hits you but does no damage. Robin hits you with a +0 club.
The goblin hits you but does no damage.
You shoot a sling bullet. The sling bullet barely misses Robin.
The goblin hits you but does no damage. Robin throws the goblin at you!
The goblin hits you but does no damage. x2; The goblin closely misses you.
The goblin hits you but does no damage. Robin hits you with a +0 club.
The goblin hits you but does no damage.
You shoot a sling bullet. The sling bullet hits the goblin.
You kill the goblin!
The goblin barely misses you. The goblin hits you with a +0 club.
Robin hits you with a +0 club.
You shoot a sling bullet.
The sling bullet hits Robin but does no damage.
Robin throws the goblin at you! The goblin hits you with a +0 dagger.
The goblin hits you with a +0 club.
You shoot a sling bullet. The sling bullet hits Robin.
Robin is lightly wounded.
The goblin misses you. The goblin hits you with a +0 club. x2
You die...

...).........##........
##########.............
#.............
#......####### #......#
#..>...# ##...g.#
###########g###############
#.........@g..............#
#........gg....##########.#
#..............# #.#
#..............#### #.#
#.................# #.#
#.................# #..
#.................# ###
############......# #
#......# #


You could see Robin, 2 hobgoblins and 2 goblins.

Vanquished Creatures
  3 adders (D:2)
  2 worms (D:2)
  2 bats (D:1)
  2 endoplasms (D:2)
  2 goblins (D:2)
  5 hobgoblins
  A ball python (D:2)
  3 frilled lizards
  2 kobolds
  2 rats
24 creatures vanquished.

Notes
Turn   | Place    | Note
-------+----------+-------------------------------------------
     0 | D:1      | qw the Gargoyle Hexslinger began the quest for the Orb.
     0 | D:1      | Reached XP level 1. HP: 12/12 MP: 2/2
     0 | D:1      | 0 ||| qw: Version: 0.3-a-46-gb1f654a
     0 | D:1      | 0 ||| qw: Game counter: 2734
     0 | D:1      | 0 ||| qw: Melee chars always use a shield: true
     0 | D:1      | 0 ||| qw: God list: Okawaru
     0 | D:1      | 0 ||| qw: Allow faded altars: false
     0 | D:1      | 0 ||| qw: Do Orc after clearing Dungeon:15 true
     0 | D:1      | 0 ||| qw: Do second Lair branch before Depths: true
     0 | D:1      | 0 ||| qw: Lair rune preference: random
     0 | D:1      | 0 ||| qw: Goals: Normal
     0 | D:1      | 0 ||| PLANNING D:1-11
   437 | D:1      | Reached XP level 2. HP: 16/16 MP: 3/3
   579 | D:1      | 579 ||| UPGRADING to +0 ring mail.
   589 | D:1      | 589 ||| DROPPING +0 robe.
   590 | D:1      | 590 ||| UPGRADING to +0 cloak.
   595 | D:1      | 595 ||| UPGRADING to ring of see invisible.
   596 | D:1      | 596 ||| READING 2 scrolls labelled APSIUW MOLL.
   600 | D:1      | 600 ||| READING 2 scrolls labelled MOTHRIY WOAHUZO.
   601 | D:1      | 601 ||| READING scroll labelled JEIFUADIEF.
   602 | D:1      | 602 ||| READING scroll labelled EREJUO UTYESI.
   603 | D:1      | 603 ||| READING 2 scrolls labelled DEC RISIFRIR.
   704 | D:1      | 704 ||| DROPPING scroll of poison.
   705 | D:1      | 705 ||| DROPPING scroll of silence.
   818 | D:2      | Reached skill level 3 in Ranged Weapons
   838 | D:2      | Reached XP level 3. HP: 21/21 MP: 4/4
   849 | D:2      | Reached skill level 1 in Armour
  1001 | D:2      | Noticed Robin
  1010 | D:2      | 1010 ||| Stepping ~*~*~tactically~*~*~ (outnumbered).
  1015 | D:2      | HP: 5/21 [goblin/+0 dagger[Robin] (1)]
  1016 | D:2      | 1016 ||| READING scroll of teleportation.
  1099 | D:2      | HP: 2/21 [goblin/+0 club[Robin] (5)]
  1100 | D:2      | Slain by a goblin

Levels and vault maps discovered:
D:1:      psy_arrival_radial02, layout_basic
D:2:      layout_basic, nrook_loot_triangle, uniq_robin

Skill      XL: |  1  2  3 |
---------------+----------+-----
Ranged Weapons | 3 |  3.5
Fighting       | 2 |  2.0
Armour         | 1 |  1.0
Dodging        | |  1.5
Spellcasting   | |  1.0
Hexes          | |  2.6

Action                     || total
---------------------------++-------
   Fire: Sling             ||    95
    Use: Scroll            ||     6
 Armour: Robe              ||     2
         Ring mail         ||    47
  Dodge: Dodged            ||    38

Table legend:
 A = Non-vault XP
 B = Vault XP
 C = Vault XP percentage of total XP
 D = Non-vault monster count
 E = Vault monster count
 F = Vault count percentage of total count
                 A         B        C        D         E       F
            +---------+---------+-------+---------+---------+-------
      Total |      71 |       8 |  10.1 |      20 |       4 |  16.7
            +---------+---------+-------+---------+---------+-------
        D:1 |      11 |       0 |   0.0 |       8 |       0 |   0.0
        D:2 |      60 |       8 |  11.8 |      12 |       4 |  25.0
            +---------+---------+-------+---------+---------+-------
